Map: Lightshade LE

Players

PattyMac - Winner!

  • Race: Protoss Protoss

PureLegacy

  • Race: Terran Terran

Event: DreamHack SC2 Masters 2021 Winter

VOD

Have the link to the VOD?

Description

Time

  • Played on: Oct. 5, 2021, 5:53 p.m.
  • Length: 11:08

All games in this series

Show
View Real Time Build Order
Export as new Build Order

PattyMac Protoss - Winner!

Build Orders: Oracle Opening, Blink Stalkers 

Get SALT Encoding   

  12  0:00  Probe  
  13  0:12  Probe  
  14  0:16  Pylon  
  14  0:24  Probe (Chrono Boost)  
  15  0:36  Gateway, Probe (Chrono Boost)  
  16  0:43  Probe (Chrono Boost)  
  16  0:45  Assimilator  
  17  0:51  Probe  
  17  0:54  Assimilator  
  18  1:03  Probe  
  19  1:05  Pylon  
  19  1:16  Probe  
  20  1:23  Cybernetics Core  
  22  1:29  Probe  
  23  1:41  Probe  
  24  1:47  Pylon  
  24  1:53  Probe  
  23  1:58  Adept (Chrono Boost)  
  23  1:59  Stargate  
  25  2:05  Probe  
  26  2:12  Warp Gate  
  26  2:17  Probe  
  26  2:20  Adept  
  29  2:37  Nexus  
  29  2:43  Oracle (Chrono Boost)  
  29  2:49  Probe  
  33  3:03  Probe  
  33  3:04  Twilight Council  
  34  3:15  Probe  
  35  3:27  Gateway, Probe  
  35  3:28  Gateway  
  36  3:39  Blink (Chrono Boost)  
  36  3:40  Probe (Chrono Boost)  
  37  3:50  Probe (Chrono Boost)  
  37  3:51  Shield Battery  
  39  3:57  Probe (Chrono Boost)  
  39  3:59  Probe (Chrono Boost)  
  39  4:01  Sentry  
  42  4:04  Probe (Chrono Boost)  
  42  4:05  Probe (Chrono Boost)  
  44  4:13  Phoenix  
  44  4:15  Robotics Facility, Probe  
  45  4:18  Assimilator  
  45  4:22  Probe  
  46  4:27  Stalker x2  
  46  4:28  Probe  
  51  4:32  Pylon  
  51  4:34  Probe  
  51  4:37  Pylon  
  52  4:40  Probe  
  53  4:45  Assimilator  
  53  4:46  Probe  
  53  4:50  Stalker x2  
  58  4:53  Probe  
  58  4:58  Probe  
  60  5:03  Immortal (Chrono Boost)  
  60  5:05  Probe  
  65  5:12  Stalker  
  67  5:14  Stalker  
  67  5:18  Pylon  
  66  5:31  Probe  
  67  5:36  Observer  
  67  5:39  Robotics Bay  
  67  5:40  Probe  
  67  5:41  Forge  
  69  5:48  Nexus  
  69  5:51  Pylon  
  69  5:58  Stalker  
  69  6:00  Probe  
  72  6:04  Probe  
  72  6:07  Charge  
  72  6:09  Gateway  
  73  6:13  Protoss Ground Weapons Level 1 (Chrono Boost), Shield Battery  
  73  6:14  Probe (Chrono Boost)  
  74  6:20  Probe (Chrono Boost)  
  75  6:27  Gateway  
  75  6:28  Gateway  
  75  6:29  Extended Thermal Lance  
  75  6:32  Probe (Chrono Boost)  
  76  6:34  Probe (Chrono Boost)  
  76  6:35  Colossus (Chrono Boost)  
  75  6:56  Zealot x3  
  81  7:01  Gateway  
  81  7:06  Pylon  
  81  7:10  Zealot  
  81  7:13  Probe (Chrono Boost)  
  86  7:16  Probe x2 (Chrono Boost)  
  86  7:17  Pylon  
  86  7:21  Colossus  
  86  7:22  Templar Archives  
  86  7:23  Shield Battery  
  86  7:25  Probe (Chrono Boost)  
  86  7:28  Probe  
  94  7:33  Probe  
  94  7:35  Probe  
  96  7:40  Zealot x2, Probe  
  96  7:41  Zealot  
  96  7:42  Pylon  
  101  7:45  Probe  
  101  7:49  Stalker x2  
  106  7:52  Observer  
  106  7:56  Stalker x2  
  110  8:02  Pylon  
  108  8:05  Zealot  
  108  8:06  Zealot  
  112  8:13  Assimilator x2  
  112  8:16  High Templar  
  112  8:17  High Templar  
  112  8:19  Pylon  
  116  8:20  Pylon  
  116  8:21  Archon  
  116  8:22  Zealot x3  
  116  8:39  Stalker x2  
  98  8:50  Stalker x4  
  98  8:53  Colossus (Chrono Boost)  
  106  8:59  Protoss Ground Armor Level 1 (Chrono Boost)  
  112  9:03  Forge  
  112  9:06  Dark Shrine  
  112  9:07  Pylon  
  112  9:08  Zealot x3  
  118  9:16  Gateway  
  117  9:24  Stalker  
  117  9:25  Photon Cannon  
  117  9:26  Stalker  
  121  9:32  Warp Prism (Chrono Boost)  
  123  9:38  Stalker  
  123  9:39  Stalker  
  123  9:43  Pylon  
  127  9:50  Zealot x2  
  127  9:51  Zealot x2  
  127  10:06  Nexus  
  123  10:11  High Templar x4  
  123  10:13  Stalker x2  
  133  10:19  Archon  
  133  10:20  Archon  
  127  10:29  Zealot x2  
  123  10:43  Zealot x3, High Templar x2  
  123  10:44  Zealot  
  123  10:46  Probe x2  
  123  10:47  Pylon  
  123  10:49  Archon  
  137  10:50  Zealot x2  
Show
View Real Time Build Order
Export as new Build Order

PureLegacy Terran 

Build Orders: Reaper Expand 

Get SALT Encoding   

  12  0:00  SCV  
  13  0:12  SCV  
  14  0:17  Supply Depot  
  14  0:24  SCV  
  15  0:39  SCV  
  15  0:40  Barracks  
  16  0:44  Refinery  
  16  0:51  SCV  
  17  1:03  SCV  
  18  1:15  SCV  
  19  1:27  Reaper  
  19  1:28  Orbital Command  
  20  1:43  Refinery  
  20  1:52  Command Center  
  20  1:56  SCV  
  20  1:59  Supply Depot  
  21  2:09  Marine  
  22  2:16  Bunker  
  22  2:22  Factory  
  22  2:26  SCV  
  22  2:29  Barracks Reactor  
  22  2:38  SCV  
  23  2:55  SCV  
  23  3:06  Orbital Command  
  23  3:07  SCV, Factory Tech Lab  
  23  3:08  Marine x2  
  26  3:19  Starport, SCV, Engineering Bay  
  27  3:32  SCV  
  25  3:35  Cyclone  
  27  3:48  SCV  
  27  3:50  SCV  
  28  3:57  Viking  
  28  3:59  Orbital Command  
  28  4:01  SCV  
  31  4:07  Marine x2  
  33  4:13  SCV  
  33  4:24  SCV, Marine x2  
  33  4:25  Siege Tank  
  33  4:27  SCV  
  40  4:33  Missile Turret  
  40  4:36  SCV  
  41  4:39  SCV  
  41  4:44  Bunker  
  42  4:46  Supply Depot  
  42  4:48  SCV  
  42  4:50  Viking  
  45  4:57  SCV  
  46  5:08  Supply Depot, SCV, Siege Tank  
  46  5:09  SCV  
  51  5:17  Marine x2  
  51  5:20  SCV  
  54  5:30  SCV  
  54  5:31  Supply Depot  
  54  5:32  SCV, Starport Tech Lab  
  54  5:35  Barracks  
  56  5:36  Barracks  
  56  5:41  Supply Depot  
  56  5:42  Terran Infantry Weapons Level 1, SCV  
  57  5:44  SCV  
  58  5:50  Marine x2  
  58  5:54  SCV  
  58  5:55  Refinery  
  58  5:56  SCV  
  60  6:06  SCV  
  60  6:07  Supply Depot, Barracks  
  60  6:08  SCV, Barracks  
  62  6:14  Refinery, Starport Reactor  
  62  6:15  Factory Reactor  
  62  6:18  SCV  
  62  6:20  SCV  
  64  6:29  Marine  
  64  6:30  Supply Depot, Stimpack, Marine  
  64  6:31  SCV, Combat Shield  
  67  6:35  Marine x2  
  69  6:43  SCV  
  66  6:52  SCV  
  66  6:53  Marauder x2, Marine  
  66  6:54  Marine  
  70  6:55  SCV  
  70  6:56  Barracks Tech Lab  
  71  7:02  Supply Depot  
  71  7:07  SCV  
  71  7:08  Medivac x2  
  76  7:11  SCV  
  76  7:13  Marine x2  
  79  7:17  Marauder x2  
  79  7:18  Marauder  
  79  7:19  Concussive Shells  
  85  7:23  SCV x2  
  87  7:35  Factory Reactor, Marine x4  
  90  7:38  Marauder  
  90  7:39  SCV x2  
  90  7:41  Supply Depot  
  93  7:44  Supply Depot  
  93  7:50  Marauder x2  
  96  7:54  Marine x4  
  96  7:57  SCV  
  101  8:01  Terran Infantry Armor Level 1  
  101  8:03  Marauder  
  101  8:04  Supply Depot  
  103  8:06  SCV  
  103  8:09  SCV  
  105  8:17  Marauder x2, Marine x3  
  97  8:35  Marauder  
  97  8:38  Marauder  
  90  8:41  Medivac x2  
  90  8:46  Marauder, Marine x3  
  93  8:52  Marine  
  93  8:55  Supply Depot  
  85  8:56  Marauder  
  85  9:00  Marauder  
  89  9:04  Marine x3  
  89  9:07  Marine  
  93  9:10  Widow Mine, Marine  
  93  9:11  Widow Mine, Medivac x2  
  102  9:21  Marauder  
  104  9:26  Marauder x2, Marine x3  
  104  9:27  Supply Depot  
  111  9:36  Widow Mine  
  111  9:37  Widow Mine, Marine  
  116  9:41  Medivac x2  
  116  9:43  Marauder  
  108  10:00  Marauder x2, Command Center  
  108  10:02  Marine x3  
  115  10:10  Marauder, Marine  
  115  10:12  Viking x2  
  119  10:20  Marine x2  
  121  10:21  Marauder  
  121  10:22  Marauder, Marine  
  121  10:28  Marine  
  109  10:31  Marauder  
  95  10:38  Marine x2  
  95  10:39  Marine  
  95  10:43  Marauder x2  
  95  10:45  Marine  

Tags
 
Add a new tag
Caveats
  • Supply blocks, unpowered buildings, or Contaminate may cause inaccurate times.
  • Supply counts are checked every 10 seconds.